 Dungeon Crawl Stone Soup version 0.20-a0-1017-gc3250ce (webtiles) character file.

61 HankScorpio the Cudgeler (level 4, -2/26 HPs)
             Began as a Gargoyle Gladiator on Apr 17, 2017.
             Slain by a goblin (4 damage)
             ... led by Robin
             ... on level 2 of the Dungeon.
             The game lasted 00:02:17 (746 turns).

HankScorpio the Cudgeler (Gargoyle Gladiator)        Turns: 746, Time: 00:02:17

Health: -2/26      AC: 10    Str: 18    XL:     4   Next: 7%
Magic:  4/4        EV: 12    Int: 13    God:
Gold:   97         SH:  0    Dex: 12    Spells: 3/3 levels left

rFire    . . .     SeeInvis .   k - +2 short sword (elec)
rCold    . . .     Gourm    .   (no shield)
rNeg     + . .     Faith    .   b - +0 leather armour
rPois    ∞         Spirit   .   c - +0 helmet
rElec    +         Reflect  .   (no cloak)
rCorr    .         Harm     .   i - +0 pair of gloves
MR       .....                  e - +1 pair of boots
Stlth    ..........             (no amulet)
Regen    0.1/turn               m - ring of loudness (curse)
MPRegen  0.1/turn               (no ring)

@: brilliant
A: negative energy resistance 1, electricity resistance, unbreathing,
petrification resistance, rot immunity, AC +3
a: no special abilities


You were on level 2 of the Dungeon.
You were not hungry.

You visited 1 branch of the dungeon, and saw 2 of its levels.

You collected 97 gold pieces.

Inventory:

Hand Weapons
 a - a +0 flail
 k - a +2 short sword of electrocution (weapon)
Missiles
 d - 3 throwing nets (quivered)
Armour
 b - a +0 leather armour (worn)
 c - a +0 helmet (worn)
 e - a +1 pair of boots (worn)
 i - a +0 pair of gloves (worn)
Jewellery
 m - a cursed ring of loudness (left hand)
Scrolls
 g - a scroll of fear
Potions
 h - a potion of brilliance
Comestibles
 f - a bread ration
 l - a fruit


   Skills:
 - Level 2.1 Fighting
 + Level 4.8 Maces & Flails
 - Level 1.7 Throwing
 - Level 2.4 Dodging


You had 3 spell levels left.
You didn't know any spells.

Dungeon Overview and Level Annotations

Branches:
Dungeon (2/15)

Altars:
Xom

Annotations:
D:2 Robin


Innate Abilities, Weirdness & Mutations

You are resistant to torment.
Your stone body is resilient. (AC +3)
You are immune to poison.
You resist negative energy. (rN+)
You are resistant to electric shocks. (rElec)
You can survive without breathing.
You are immune to petrification.
You are immune to rotting.


Message History

You barely miss the goblin.
The goblin is severely wounded.
The goblin barely misses you.
The goblin moves out of view.
The goblin hits you with a dagger.
* * * LOW HITPOINT WARNING * * *
Robin says, "My army is invincible!"
Robin throws the goblin at you! The goblin closely misses you.
A goblin and a hobgoblin come into view.
It was a potion of brilliance.
You feel clever all of a sudden. The goblin closely misses you.
The hobgoblin barely misses you.
The goblin moves out of view.
The goblin hits you but does no damage. The goblin closely misses you.
The hobgoblin moves out of view.
A goblin comes into view.
Okay, then.
As you read the scroll labeled BOASCH JIGOAJEWN, it crumbles to dust.
It is a scroll of identify.
g - a scroll of fear The goblin hits you.
You die...

######## ##......
######.....# #ggg(..^^^.#
##@....^_^.# ##gg..^...#
#........#
##g#.#....########
##(.#..............
#..g...).######.###
.g)...gg......## #.....##
g#............####.###.##
#...##...###......# #.##


You could see Robin, a hobgoblin and 5 goblins.

Vanquished Creatures
  Terence (D:2)
  An adder (D:2)
  An ooze (D:1)
  2 leopard geckos (D:1)
  2 bats (D:1)
  4 goblins (D:1)
  4 hobgoblins
  A kobold (D:1)
  2 frilled lizards
  4 rats (D:1)
22 creatures vanquished.

Notes
Turn   | Place    | Note
-------+----------+-------------------------------------------
     0 | D:1      | HankScorpio the Gargoyle Gladiator began the quest for the Orb.
     0 | D:1      | Reached XP level 1. HP: 12/12 MP: 1/1
   190 | D:1      | Reached XP level 2. HP: 13/17 MP: 2/2
   386 | D:1      | Reached skill level 4 in Maces & Flails
   544 | D:1      | Reached XP level 3. HP: 21/21 MP: 3/3
   702 | D:2      | Noticed Terence
   704 | D:2      | Found a shimmering altar of Xom.
   711 | D:2      | Killed Terence
   711 | D:2      | Reached XP level 4. HP: 20/26 MP: 4/4
   727 | D:2      | Noticed Robin
   746 | D:2      | Slain by a goblin

Vault maps used:
D:1:      dpeg_arrival_castle
D:2:      minmay_door_path, amethyst_overflow_temple_binary, xom_teletrap_fun,
          nicolae_dithmenos_through_a_glass_darkly,
          chequers_ecumenical_altar_twisty, uniq_robin, uniq_terence

Skill      XL: |  1  2 |
---------------+-------+-----
Maces & Flails | 4 |  4.8
Fighting       | |  2.1
Throwing       | |  1.7
Dodging        | |  2.4

Action                   |  1- 3 |  4- 6 || total
-------------------------+-------+-------++-------
Melee: Flail             |    48 |       ||    48
       Short sword       |    19 |    10 ||    29
  Use: Scroll            |       |     1 ||     1
       Potion            |       |     1 ||     1
Armor: Leather armour    |    31 |    14 ||    45
Dodge: Dodged            |    49 |    14 ||    63
